General information
- name: BNet
- type: Ladder team game (AT/RT)
- host: Battle.net
- saver: BlademasterIsOp
map: GoldRush
- players: 8
- length: 44:26
- speed: Fast
- version: 1.26 W3XP
- replay type: Public
» download(254 KB)
Players
team 1 (winner)

»
Lutin (
yellow | 84 APM | 2158 actions | 25:32)
4 Archmage
2 Summon Water Elemental
2 Brilliance Aura
4 Paladin
2 Holy Light
2 Devotion Aura
» actions
| Assign group hotkey | 51 | |
| Basic commands | 12 | |
| Build / train | 82 | |
| Enter build submenu | 33 | |
| Enter hero's abilities submenu | 9 | |
| Give item / drop item | 1 | |
| Right click | 948 | |
| Select / deselect | 376 | |
| Select group hotkey | 592 | |
| Use ability | 54 | |
2158 total
» units
| Peasant | 24 | |
| Footman | 9 | |
| Gryphon Rider | 7 | |
| Rifleman | 7 | |
| Knight | 2 | |
| Flying Machine | 8 | |
57 total
» upgrades
| Defend | 1 | |
| Storm Hammers | 1 | |
| Swords | 2 | |
| Armor | 2 | |
6 total
» buildings
| Altar of Kings | 1 | |
| Lumber Mill | 1 | |
| Scout Tower | 8 | |
| Guard Tower | 4 | |
| Farm | 11 | |
| Barracks | 1 | |
| Arcane Tower | 1 | |
| Town Hall | 1 | |
| Keep | 1 | |
| Gryphon Aviary | 2 | |
| Castle | 1 | |
| Blacksmith | 1 | |
| Arcane Vault | 1 | |
34 total
» build order
00:14 Altar of Kings
00:23 Lumber Mill
01:44 Scout Tower
01:50 Scout Tower
02:08 Guard Tower
02:14 Farm
02:15 Farm
02:19 Guard Tower
03:27 Scout Tower
03:29 Scout Tower
03:31 Scout Tower
03:40 Barracks
04:06 Arcane Tower
04:29 Guard Tower
04:53 Farm
04:55 Farm
06:22 Town Hall
06:23 Scout Tower
06:24 Scout Tower
06:25 Scout Tower
06:36 Keep
07:11 Guard Tower
09:32 Gryphon Aviary
09:35 Gryphon Aviary
09:39 Castle
09:42 Blacksmith
10:56 Arcane Vault
13:22 Farm
13:23 Farm
13:23 Farm
13:26 Farm
13:28 Farm
13:29 Farm
13:30 Farm
» items
| Healing Salve | 1 | |
| Scroll of Regeneration | 1 | |
2 total
ogs.Bottomshelf (
green | 41 APM | 1833 actions | 44:26)
6 Blademaster
3 Wind Walk
2 Critical Strike
1 Bladestorm
» actions
| Assign group hotkey | 8 | |
| Basic commands | 90 | |
| Build / train | 80 | |
| Enter build submenu | 82 | |
| Enter hero's abilities submenu | 7 | |
| Remove unit from queue | 4 | |
| Right click | 883 | |
| Select / deselect | 463 | |
| Select group hotkey | 1 | |
| Use ability | 215 | |
1833 total
» units
| Peon | 18 | |
| Shaman | 6 | |
| Troll Batrider | 14 | |
| Raider | 11 | |
49 total
» upgrades
| Spiked Barricades | 1 | |
| Shaman Training | 2 | |
| Ranged Weapons | 3 | |
| Liquid Fire | 1 | |
| Ensnare | 1 | |
| Melee Weapons | 1 | |
| Reinforced Defenses | 1 | |
| Armor | 1 | |
11 total
» buildings
| Altar of Storms | 3 | |
| Orc Burrow | 10 | |
| War Mill | 3 | |
| Voodoo Lounge | 2 | |
| Watch Tower | 46 | |
| Stronghold | 1 | |
| Fortress | 1 | |
| Spirit Lodge | 2 | |
| Beastiary | 3 | |
| Great Hall | 2 | |
73 total
» build order
00:09 Altar of Storms
00:12 Orc Burrow
00:56 War Mill
01:07 Orc Burrow
01:29 Voodoo Lounge
03:13 Watch Tower
03:16 Watch Tower
03:24 Watch Tower
03:58 Watch Tower
04:00 Watch Tower
04:11 Watch Tower
04:40 Watch Tower
04:42 Watch Tower
05:23 Watch Tower
05:28 Watch Tower
05:36 Watch Tower
05:50 Orc Burrow
06:25 Watch Tower
06:35 Voodoo Lounge
06:44 Watch Tower
07:24 Watch Tower
07:47 Watch Tower
07:48 Watch Tower
07:55 Watch Tower
08:18 Watch Tower
08:39 Stronghold
08:56 Watch Tower
09:09 Watch Tower
09:57 Watch Tower
10:01 Watch Tower
11:05 Watch Tower
11:06 Watch Tower
11:07 Watch Tower
11:17 Fortress
11:46 Spirit Lodge
12:09 Watch Tower
12:11 Watch Tower
12:12 Watch Tower
12:14 Watch Tower
12:27 Spirit Lodge
13:13 Beastiary
15:48 Beastiary
16:18 Beastiary
17:10 Great Hall
17:28 Orc Burrow
17:32 Orc Burrow
17:35 Orc Burrow
18:31 Great Hall
28:14 Orc Burrow
28:32 War Mill
30:35 Altar of Storms
30:39 Orc Burrow
30:41 Orc Burrow
33:08 Orc Burrow
34:37 Watch Tower
34:38 Watch Tower
34:46 Watch Tower
35:44 Watch Tower
35:46 Watch Tower
35:48 Watch Tower
35:49 Watch Tower
35:57 Watch Tower
35:58 Watch Tower
36:00 Watch Tower
36:00 Watch Tower
36:03 Watch Tower
36:05 Watch Tower
36:32 Watch Tower
36:54 War Mill
37:01 Altar of Storms
38:06 Watch Tower
38:07 Watch Tower
38:09 Watch Tower
» items
| Healing Salve | 2 | |
| Lesser Clarity Potion | 3 | |
| Potion of Mana | 1 | |
| Orb of Lightning | 1 | |
7 total
BlademasterIsOp (
teal | 67 APM | 2960 actions | 44:26)
7 Mountain King
3 Storm Bolt
3 Bash
1 Avatar
» actions
| Assign group hotkey | 212 | |
| Basic commands | 312 | |
| Build / train | 102 | |
| Enter build submenu | 43 | |
| Enter hero's abilities submenu | 10 | |
| Give item / drop item | 29 | |
| Remove unit from queue | 2 | |
| Right click | 1224 | |
| Select / deselect | 476 | |
| Select group hotkey | 475 | |
| Use ability | 75 | |
2960 total
» units
| Peasant | 17 | |
| Footman | 15 | |
| Gryphon Rider | 14 | |
| Knight | 3 | |
| Flying Machine | 1 | |
50 total
» upgrades
| Masonry | 3 | |
| Swords | 3 | |
| Animal War Training | 1 | |
| Storm Hammers | 1 | |
| Armor | 3 | |
| Backpack | 1 | |
| Lumber Harvesting | 1 | |
| Plating | 1 | |
14 total
» buildings
| Altar of Kings | 2 | |
| Barracks | 1 | |
| Farm | 20 | |
| Scout Tower | 10 | |
| Arcane Tower | 1 | |
| Keep | 3 | |
| Lumber Mill | 1 | |
| Guard Tower | 9 | |
| Castle | 2 | |
| Arcane Vault | 1 | |
| Gryphon Aviary | 4 | |
| Blacksmith | 1 | |
| Town Hall | 2 | |
57 total
» build order
00:04 Altar of Kings
00:09 Barracks
00:15 Farm
01:18 Farm
02:06 Scout Tower
02:20 Farm
02:34 Arcane Tower
04:16 Keep
05:08 Lumber Mill
05:14 Farm
05:15 Farm
05:45 Scout Tower
06:52 Guard Tower
07:27 Castle
07:37 Arcane Vault
08:19 Gryphon Aviary
08:22 Gryphon Aviary
08:47 Blacksmith
11:23 Farm
11:25 Farm
13:09 Town Hall
15:53 Scout Tower
15:54 Scout Tower
15:55 Scout Tower
16:26 Guard Tower
16:43 Scout Tower
16:49 Guard Tower
17:17 Guard Tower
17:26 Farm
17:28 Farm
17:33 Farm
19:30 Farm
19:31 Farm
20:14 Scout Tower
20:15 Scout Tower
20:16 Scout Tower
20:16 Scout Tower
20:47 Guard Tower
21:15 Farm
21:19 Farm
25:06 Guard Tower
25:06 Guard Tower
25:07 Guard Tower
25:16 Keep
25:16 Keep
27:19 Farm
27:22 Farm
27:25 Farm
27:28 Farm
27:31 Farm
28:21 Farm
29:12 Altar of Kings
34:15 Castle
36:54 Town Hall
40:50 Gryphon Aviary
40:52 Gryphon Aviary
» items
| Staff of Teleportation | 1 | |
| Boots of Speed | 1 | |
| Orb of Fire | 1 | |
| Potion of Healing | 1 | |
| Scroll of Regeneration | 4 | |
8 total
MrStealYourGirl (
blue | 30 APM | 461 actions | 15:34)
3 Mountain King
1 Thunder Clap
2 Storm Bolt
1 Paladin
1 Holy Light
» actions
| Assign group hotkey | 11 | |
| Basic commands | 32 | |
| Build / train | 43 | |
| Enter build submenu | 28 | |
| Enter hero's abilities submenu | 4 | |
| Right click | 115 | |
| Select / deselect | 125 | |
| Select group hotkey | 55 | |
| Use ability | 48 | |
461 total
» units
| Peasant | 20 | |
| Footman | 4 | |
| Rifleman | 2 | |
26 total
» upgrades
| Swords | 1 | |
| Gunpowder | 1 | |
| Plating | 1 | |
| Armor | 1 | |
| Lumber Harvesting | 1 | |
| Masonry | 2 | |
7 total
» buildings
| Altar of Kings | 1 | |
| Farm | 12 | |
| Barracks | 2 | |
| Lumber Mill | 2 | |
| Blacksmith | 1 | |
| Town Hall | 2 | |
| Keep | 1 | |
| Scout Tower | 14 | |
| Arcane Sanctum | 1 | |
| Workshop | 4 | |
| Guard Tower | 2 | |
| Castle | 1 | |
43 total
» build order
00:20 Altar of Kings
00:53 Farm
00:57 Farm
01:04 Farm
01:06 Farm
01:28 Barracks
01:52 Lumber Mill
02:02 Lumber Mill
02:42 Barracks
04:12 Blacksmith
06:49 Town Hall
06:54 Keep
07:00 Farm
07:01 Farm
07:02 Farm
07:02 Farm
08:24 Farm
08:25 Farm
08:28 Farm
08:29 Farm
08:37 Scout Tower
08:37 Scout Tower
08:38 Scout Tower
08:39 Scout Tower
08:40 Scout Tower
08:41 Scout Tower
09:27 Town Hall
09:58 Arcane Sanctum
10:08 Workshop
10:35 Workshop
10:41 Workshop
11:43 Guard Tower
12:53 Scout Tower
12:55 Scout Tower
12:57 Scout Tower
12:59 Scout Tower
13:00 Scout Tower
13:01 Scout Tower
13:03 Scout Tower
13:04 Scout Tower
13:15 Castle
13:22 Workshop
14:03 Guard Tower
team 2 (loser)

»
mookieh (
orange | 67 APM | 1867 actions | 27:40)
6 Blademaster
3 Wind Walk
2 Critical Strike
1 Bladestorm
» actions
| Assign group hotkey | 28 | |
| Basic commands | 3 | |
| Build / train | 54 | |
| Enter build submenu | 13 | |
| Enter hero's abilities submenu | 6 | |
| Right click | 918 | |
| Select / deselect | 197 | |
| Select group hotkey | 614 | |
| Use ability | 34 | |
1867 total
» units
» upgrades
| Ranged Weapons | 2 | |
| Armor | 1 | |
| Envenomed Spears | 1 | |
4 total
» buildings
| Altar of Storms | 1 | |
| Orc Burrow | 6 | |
| War Mill | 1 | |
| Stronghold | 3 | |
| Watch Tower | 2 | |
| Voodoo Lounge | 1 | |
| Beastiary | 2 | |
| Fortress | 1 | |
17 total
» build order
00:15 Altar of Storms
00:25 Orc Burrow
00:53 War Mill
02:08 Stronghold
02:08 Stronghold
02:08 Stronghold
03:16 Watch Tower
03:20 Watch Tower
03:30 Voodoo Lounge
04:06 Orc Burrow
04:08 Orc Burrow
04:35 Beastiary
04:40 Beastiary
07:10 Orc Burrow
08:26 Orc Burrow
10:43 Fortress
13:07 Orc Burrow
» items
| Boots of Speed | 1 | |
| Lesser Clarity Potion | 1 | |
| Potion of Healing | 2 | |
| Scroll of Regeneration | 3 | |
| Scroll of Town Portal | 1 | |
| Healing Salve | 1 | |
9 total
Mikey-Fresh (
pink | 58 APM | 1595 actions | 27:44)
4 Paladin
1 Holy Light
1 Devotion Aura
2 Divine Shield
2 Archmage
1 Summon Water Elemental
1 Brilliance Aura
» actions
| Assign group hotkey | 23 | |
| Basic commands | 14 | |
| Build / train | 89 | |
| Enter build submenu | 60 | |
| Enter hero's abilities submenu | 6 | |
| Give item / drop item | 4 | |
| Remove unit from queue | 2 | |
| Right click | 592 | |
| Select / deselect | 422 | |
| Select group hotkey | 284 | |
| Use ability | 99 | |
1595 total
» units
| Peasant | 22 | |
| Footman | 8 | |
| Gryphon Rider | 1 | |
| Siege Engine | 7 | |
38 total
» upgrades
| Masonry | 2 | |
| Lumber Harvesting | 1 | |
| Swords | 1 | |
| Gunpowder | 1 | |
| Barrage | 1 | |
6 total
» buildings
| Altar of Kings | 3 | |
| Farm | 17 | |
| Barracks | 2 | |
| Scout Tower | 20 | |
| Arcane Tower | 9 | |
| Arcane Vault | 2 | |
| Keep | 3 | |
| Lumber Mill | 4 | |
| Town Hall | 2 | |
| Blacksmith | 2 | |
| Gryphon Aviary | 2 | |
| Guard Tower | 6 | |
| Castle | 1 | |
| Workshop | 3 | |
76 total
» build order
00:10 Altar of Kings
00:12 Farm
00:42 Barracks
00:50 Farm
00:55 Farm
01:29 Scout Tower
01:59 Arcane Tower
02:08 Arcane Vault
03:18 Farm
03:40 Keep
03:40 Keep
04:10 Farm
04:13 Lumber Mill
04:45 Town Hall
04:52 Farm
05:12 Blacksmith
06:45 Scout Tower
06:49 Scout Tower
06:54 Scout Tower
07:13 Arcane Tower
07:13 Arcane Tower
07:36 Arcane Tower
07:36 Arcane Tower
08:38 Gryphon Aviary
08:46 Gryphon Aviary
09:50 Altar of Kings
09:52 Farm
09:55 Farm
09:56 Scout Tower
09:59 Scout Tower
10:02 Farm
10:09 Lumber Mill
10:13 Farm
10:15 Scout Tower
10:26 Guard Tower
10:37 Arcane Tower
10:46 Altar of Kings
10:53 Guard Tower
10:55 Scout Tower
10:58 Farm
11:01 Scout Tower
11:17 Barracks
11:34 Arcane Tower
11:35 Guard Tower
11:44 Keep
12:06 Farm
12:36 Farm
12:42 Farm
12:46 Scout Tower
12:46 Scout Tower
13:07 Farm
13:19 Scout Tower
13:22 Scout Tower
13:53 Guard Tower
13:59 Guard Tower
14:39 Castle
14:54 Arcane Vault
15:04 Blacksmith
16:22 Town Hall
16:35 Lumber Mill
16:49 Lumber Mill
17:41 Farm
18:12 Workshop
18:16 Workshop
19:09 Workshop
23:44 Scout Tower
23:46 Scout Tower
23:47 Scout Tower
23:47 Scout Tower
23:49 Scout Tower
23:50 Scout Tower
23:52 Scout Tower
26:08 Arcane Tower
26:09 Arcane Tower
26:11 Guard Tower
26:47 Farm
» items
| Scroll of Regeneration | 1 | |
| Lesser Clarity Potion | 2 | |
| Potion of Healing | 5 | |
| Scroll of Town Portal | 2 | |
| Boots of Speed | 1 | |
| Staff of Teleportation | 1 | |
| Scroll of Protection | 2 | |
| Staff of Sanctuary | 1 | |
15 total
SKYRIMSOON. (
red | 58 APM | 2565 actions | 44:26)
9 Mountain King
3 Storm Bolt
3 Bash
1 Avatar
2 Thunder Clap
» actions
| Assign group hotkey | 56 | |
| Basic commands | 16 | |
| Build / train | 110 | |
| Enter build submenu | 25 | |
| Enter hero's abilities submenu | 9 | |
| Give item / drop item | 3 | |
| Right click | 1090 | |
| Select / deselect | 264 | |
| Select group hotkey | 868 | |
| Use ability | 124 | |
2565 total
» units
| Peasant | 16 | |
| Footman | 6 | |
| Gryphon Rider | 10 | |
| Mortar Team | 2 | |
| Siege Engine | 20 | |
| Dragonhawk Rider | 3 | |
57 total
» upgrades
| Masonry | 2 | |
| Lumber Harvesting | 1 | |
| Animal War Training | 1 | |
| Storm Hammers | 1 | |
| Swords | 2 | |
| Armor | 2 | |
| Cloud | 1 | |
| Flare | 1 | |
| Barrage | 1 | |
12 total
» buildings
| Altar of Kings | 1 | |
| Barracks | 1 | |
| Farm | 11 | |
| Scout Tower | 25 | |
| Arcane Vault | 1 | |
| Arcane Tower | 2 | |
| Town Hall | 3 | |
| Keep | 1 | |
| Lumber Mill | 1 | |
| Blacksmith | 1 | |
| Guard Tower | 10 | |
| Castle | 1 | |
| Gryphon Aviary | 2 | |
| Workshop | 3 | |
| Altar of Elders | 2 | |
| Moon Well | 2 | |
67 total
» build order
00:11 Altar of Kings
00:23 Barracks
00:39 Farm
00:53 Farm
01:36 Farm
01:42 Scout Tower
02:06 Arcane Vault
02:10 Arcane Tower
03:42 Town Hall
03:45 Scout Tower
04:25 Keep
04:47 Lumber Mill
05:09 Farm
05:09 Farm
05:22 Arcane Tower
05:38 Blacksmith
06:19 Guard Tower
06:50 Castle
07:37 Gryphon Aviary
07:37 Gryphon Aviary
09:15 Farm
09:15 Farm
09:15 Farm
14:32 Town Hall
17:18 Scout Tower
17:18 Scout Tower
17:18 Scout Tower
17:19 Scout Tower
17:20 Scout Tower
17:21 Scout Tower
17:21 Scout Tower
17:23 Scout Tower
17:23 Scout Tower
18:27 Guard Tower
18:29 Scout Tower
18:29 Scout Tower
18:29 Scout Tower
18:30 Scout Tower
18:31 Scout Tower
18:31 Scout Tower
18:32 Scout Tower
18:46 Guard Tower
18:46 Guard Tower
19:21 Guard Tower
19:21 Guard Tower
19:50 Guard Tower
19:56 Scout Tower
19:56 Scout Tower
19:56 Scout Tower
19:57 Scout Tower
19:57 Scout Tower
20:43 Guard Tower
21:17 Guard Tower
23:08 Workshop
23:09 Workshop
23:10 Workshop
24:34 Farm
24:34 Farm
31:23 Town Hall
32:53 Altar of Elders
32:54 Moon Well
34:16 Altar of Elders
34:18 Moon Well
» items
| Scroll of Regeneration | 3 | |
| Staff of Teleportation | 1 | |
| Scroll of Healing | 4 | |
| Potion of Lesser Invulnerability | 2 | |
| Potion of Mana | 2 | |
| Potion of Healing | 3 | |
| Scroll of Town Portal | 2 | |
17 total
ViciousBiscuits (
purple | 44 APM | 1183 actions | 26:37)
5 Warden
3 Shadow Strike
2 Blink
3 Keeper of the Grove
1 Entangling Roots
2 Force of Nature
» actions
| Assign group hotkey | 41 | |
| Basic commands | 32 | |
| Build / train | 69 | |
| Enter build submenu | 23 | |
| Enter hero's abilities submenu | 8 | |
| Give item / drop item | 2 | |
| Remove unit from queue | 1 | |
| Right click | 282 | |
| Select / deselect | 355 | |
| Select group hotkey | 297 | |
| Use ability | 73 | |
1183 total
» units
| Wisp | 17 | |
| Archer | 5 | |
| Druid of the Claw | 3 | |
| Dryad | 11 | |
| Hippogryph | 4 | |
40 total
» upgrades
| Ultravision | 1 | |
| Abolish Magic | 1 | |
| Well Spring | 1 | |
| Druid of the Claw Training | 2 | |
| Strength of the Wild | 1 | |
| Reinforced Hides | 1 | |
| Mark of the Claw | 1 | |
| Nature's Blessing | 1 | |
9 total
» buildings
| Altar of Elders | 1 | |
| Moon Well | 9 | |
| Ancient of Wonders | 1 | |
| Ancient of War | 1 | |
| Tree of Ages | 1 | |
| Hunter's Hall | 1 | |
| Tree of Eternity | 1 | |
| Ancient of Lore | 2 | |
| Tree of Life | 4 | |
| Ancient of Wind | 1 | |
22 total
» build order
00:10 Altar of Elders
00:42 Moon Well
01:10 Ancient of Wonders
01:34 Ancient of War
01:44 Moon Well
02:42 Tree of Ages
04:04 Moon Well
04:13 Hunter's Hall
04:38 Moon Well
05:04 Moon Well
05:21 Tree of Eternity
05:46 Ancient of Lore
06:03 Ancient of Lore
10:32 Moon Well
10:36 Moon Well
10:39 Moon Well
10:52 Moon Well
14:06 Tree of Life
17:18 Tree of Life
19:45 Ancient of Wind
23:17 Tree of Life
24:34 Tree of Life
» items
| Lesser Clarity Potion | 2 | |
| Scroll of Regeneration | 2 | |
| Orb of Lightning | 1 | |
| Orb of Venom | 1 | |
| Moonstone | 1 | |
7 total
Chat log
(00:22 / All) BlademasterIsOp: ogs is old generations, a sc2 clan
(00:29 / All) BlademasterIsOp: ogs.Bottomshelf
(00:34 / All) ogs.Bottomshelf: i see
(00:47 / All) ogs.Bottomshelf: they are still the best
(03:52 / Allies) Lutin: nice
(04:13 / Allies) BlademasterIsOp: xp leecher
(06:01 / Allies) ogs.Bottomshelf: lets goo
(06:28 / Allies) Lutin: shoip
(07:09 / Allies) BlademasterIsOp: dont leech my xp
(07:10 / Allies) MrStealYourGirl: teal what the hell
(07:12 / Allies) MrStealYourGirl: ?
(07:16 / Allies) MrStealYourGirl: you follow me
(07:17 / Allies) BlademasterIsOp: you leeched from the goblin shop
(07:18 / Allies) BlademasterIsOp: earlier
(07:23 / Allies) MrStealYourGirl: team game dipshit
(07:25 / Allies) BlademasterIsOp: so you paid the price in blood
(07:32 / Allies) MrStealYourGirl: nice
(10:14 / Allies) Lutin: repair
(10:26 / Allies) Lutin: who needs gold?
(10:29 / Allies) BlademasterIsOp: me
(10:36 / Allies) BlademasterIsOp: thanks
(11:14 / Allies) BlademasterIsOp: my expo nigger
(11:30 / Allies) MrStealYourGirl: clear another
(12:00 / Allies) ogs.Bottomshelf: lumber me
(12:08 / Allies) BlademasterIsOp: lumber please
(12:31 / Allies) Lutin: stone
(12:38 / Allies) Lutin: xpand
(12:40 / Allies) BlademasterIsOp: wood please
(12:50 / Allies) BlademasterIsOp: wood please
(13:23 / Allies) BlademasterIsOp: wood please
(13:32 / Allies) BlademasterIsOp: wood god damn
(13:46 / Allies) BlademasterIsOp: thanks
(13:56 / Allies) MrStealYourGirl: you dumbass
(14:10 / Allies) BlademasterIsOp: wood please
(14:21 / Allies) MrStealYourGirl: nope
(14:29 / Allies) BlademasterIsOp: you can get raped then
(14:32 / Allies) BlademasterIsOp: I'll help if you give me wood
(14:38 / Allies) MrStealYourGirl: nope
(14:41 / Allies) BlademasterIsOp: k then you can die
(14:47 / Allies) Lutin: back
(15:01 / Allies) BlademasterIsOp: owned nigga
(15:15 / Allies) MrStealYourGirl: your next nigga
(15:18 / Allies) BlademasterIsOp: LOL
(15:21 / Allies) BlademasterIsOp: I know red
(15:23 / Allies) BlademasterIsOp: he is on my side
(15:35 / Allies) Lutin: dont go
(15:39 / All) BlademasterIsOp: he mad
(15:42 / All) BlademasterIsOp: I killed his mk at the start
(15:44 / All) BlademasterIsOp: so he ragequitted
(15:48 / All) BlademasterIsOp: he thinks I'm next
(16:53 / Allies) BlademasterIsOp: wood please
(16:54 / Allies) BlademasterIsOp: god damn
(17:00 / Allies) BlademasterIsOp: thanks
(18:31 / Allies) Lutin: lets hit
(18:47 / Allies) Lutin: meet all
(18:52 / Allies) ogs.Bottomshelf: gold
(19:11 / All) BlademasterIsOp: raped
(19:14 / All) mookieh: stf
(19:45 / Allies) BlademasterIsOp: hit oj
(20:05 / All) BlademasterIsOp: owned
(20:08 / All) BlademasterIsOp: newbie
(20:25 / All) BlademasterIsOp: pwnt
(21:13 / Allies) ogs.Bottomshelf: stick together
(21:19 / Allies) Lutin: come dude
(21:22 / Allies) BlademasterIsOp: sec
(21:24 / Allies) BlademasterIsOp: buying shit
(22:53 / All) mookieh: pwnt
(23:09 / Allies) Lutin: orc do somehting...
(24:46 / Allies) BlademasterIsOp: help you idiots
(24:54 / Allies) Lutin: back
(24:55 / Allies) Lutin: back
(25:01 / Allies) ogs.Bottomshelf: back
(25:03 / Allies) ogs.Bottomshelf: dont
(25:06 / Allies) ogs.Bottomshelf: attack a base
(25:10 / Allies) Lutin: go
(26:01 / All) mookieh: why did you tk?
(26:07 / All) BlademasterIsOp: to pwn you noobs
(26:20 / All) ViciousBiscuits: wtf
(26:24 / All) ViciousBiscuits: is going on
(26:27 / All) BlademasterIsOp: your mum
(26:29 / All) ViciousBiscuits: why would anyone play this?
(26:43 / All) BlademasterIsOp: owned
(26:45 / All) BlademasterIsOp: pink
(27:11 / Allies) BlademasterIsOp: green, skyrimsoon is stabbing
(27:24 / All) SKYRIMSOON.: nothing personal orange
(27:35 / All) Mikey-Fresh: lol teal needed a bser to win. cant say im suprised
(27:37 / All) mookieh: fucking kids
(27:44 / All) BlademasterIsOp: I bsed too
(27:46 / All) BlademasterIsOp: dumbass
(28:41 / All) SKYRIMSOON.: green, its like this
(28:48 / All) ogs.Bottomshelf: yes
(28:48 / All) SKYRIMSOON.: if u leave, u get the tie, if u stay, u get a loss
(29:02 / All) ogs.Bottomshelf: lol
(29:32 / All) ogs.Bottomshelf: S
(29:32 / All) ogs.Bottomshelf: D
(29:43 / All) BlademasterIsOp: green is sad you didn't drop
(31:11 / All) SKYRIMSOON.: i cant believe ig ot stickied topic
(31:50 / All) SKYRIMSOON.: man im getting itno big bang theory cuz of u
(31:53 / All) SKYRIMSOON.: its good
(32:54 / All) ogs.Bottomshelf: lol
(32:56 / All) ogs.Bottomshelf: no item
(32:56 / All) BlademasterIsOp: god damn
(32:59 / All) BlademasterIsOp: I wantedt hat item
(33:01 / All) BlademasterIsOp: you get the loss
(33:02 / All) BlademasterIsOp: sir
(33:45 / All) BlademasterIsOp: red, why didn't you leave blues item?
(33:48 / All) BlademasterIsOp: I want that god damn item
(33:51 / All) BlademasterIsOp: slippers of agi +3
(33:59 / All) SKYRIMSOON.: i didnt pick it up
(34:06 / All) BlademasterIsOp: green killed the hero
(34:09 / All) BlademasterIsOp: before I could drop it
(34:10 / All) BlademasterIsOp: fuckwit
(34:10 / Allies) ogs.Bottomshelf: lol
(34:33 / All) BlademasterIsOp: green, you would have gotten the win
(34:36 / All) BlademasterIsOp: but you're a prick
(34:39 / All) SKYRIMSOON.: does this nigger have any more expos
(34:42 / All) BlademasterIsOp: bot
(34:44 / All) BlademasterIsOp: below his base
(34:49 / All) SKYRIMSOON.: me and green actually didnt' cross paths this game
(34:50 / All) BlademasterIsOp: just peons
(34:58 / All) ogs.Bottomshelf: i dont need the win
(35:02 / All) ogs.Bottomshelf: now its just fun
(35:05 / All) BlademasterIsOp: fuck yourself cuntlicker
(35:06 / All) BlademasterIsOp: munch on dicks
(35:14 / All) ogs.Bottomshelf: muahha
(35:28 / All) BlademasterIsOp: I bet your skill at wc3 is like your skill at having sex with your mum
(35:34 / All) BlademasterIsOp: awful, and not the least bit satisfying
(35:39 / All) ogs.Bottomshelf: yup from the back side
(35:44 / All) BlademasterIsOp: I know
(35:46 / All) BlademasterIsOp: you take it that way
(35:49 / All) BlademasterIsOp: cos you're gay
(36:16 / All) BlademasterIsOp: he has shit bot right
(36:17 / All) BlademasterIsOp: peons
(36:21 / All) BlademasterIsOp: near sleeping creeps
(37:12 / All) BlademasterIsOp: he's rebuilding
(37:15 / All) BlademasterIsOp: at his old base bot right
(37:17 / All) BlademasterIsOp: kill that shit
(37:21 / All) BlademasterIsOp: he has just weak towers and raiders
(37:27 / All) BlademasterIsOp: making war mill and altar
(37:38 / All) BlademasterIsOp: that place you attacked earlier
(37:43 / All) BlademasterIsOp: bot right base
(37:44 / All) BlademasterIsOp: not expo
(38:20 / All) BlademasterIsOp: raped
(38:21 / All) BlademasterIsOp: green
(38:25 / All) BlademasterIsOp: ogs impersonating faggot
(38:44 / All) BlademasterIsOp: I have those slippers too
(38:47 / All) BlademasterIsOp: check my mks inventory
(38:49 / All) BlademasterIsOp: nutlicker
(39:00 / All) ogs.Bottomshelf: its called group click
(39:03 / All) ogs.Bottomshelf: learn it noob
(39:14 / All) BlademasterIsOp: you mean like what I'm about to do to your raiders?
(39:16 / All) BlademasterIsOp: group click them?
(39:48 / All) BlademasterIsOp: shift click nigga
(39:51 / All) BlademasterIsOp: no apm required from me
(39:57 / All) BlademasterIsOp: since raiders are for orctrash like you
(40:02 / All) BlademasterIsOp: the only micro your race has is ensnare
(40:30 / All) BlademasterIsOp: M
(40:32 / All) BlademasterIsOp: red
(40:34 / All) BlademasterIsOp: so I can feed
(40:41 / All) BlademasterIsOp: dont kill
(40:56 / All) BlademasterIsOp: fine
(41:04 / All) BlademasterIsOp: Ill help
(41:10 / All) BlademasterIsOp: good point
(41:28 / All) BlademasterIsOp: yes
(41:32 / All) ogs.Bottomshelf: me too
(41:56 / All) BlademasterIsOp: ty for resources green
(41:58 / All) BlademasterIsOp: too bad you lost
(42:01 / All) BlademasterIsOp: and I have slippers
(42:03 / All) BlademasterIsOp: nigger
(42:03 / All) ogs.Bottomshelf: i got it red
(42:09 / All) ogs.Bottomshelf: i will kill yellow
(42:11 / All) BlademasterIsOp: you lost
(42:13 / All) BlademasterIsOp: negro
(42:15 / All) ogs.Bottomshelf: so
(42:18 / All) ogs.Bottomshelf: i dont care
(42:24 / All) BlademasterIsOp: 5-4 w/l
(42:29 / All) BlademasterIsOp: yes you do
(42:32 / All) ogs.Bottomshelf: lol
(42:43 / All) ogs.Bottomshelf: look at topshelf
(42:50 / All) ogs.Bottomshelf: ogs.topshelf
(42:54 / All) BlademasterIsOp: 2-1
(42:55 / All) BlademasterIsOp: shit too
(43:00 / All) BlademasterIsOp: you're not real ogs
(43:02 / All) BlademasterIsOp: you're scum
(43:06 / All) BlademasterIsOp: wc3 noname clan scum
(43:08 / All) BlademasterIsOp: shitbag
(43:11 / All) ogs.Bottomshelf: lol
(43:21 / All) BlademasterIsOp: we raped you 2v6
(43:25 / All) BlademasterIsOp: you're so bad at this game
(43:29 / All) BlademasterIsOp: you blow horse dick
(43:39 / All) BlademasterIsOp: A click a click a click
(43:40 / All) BlademasterIsOp: eZ
(43:43 / All) BlademasterIsOp: you lose
(43:44 / All) BlademasterIsOp: nigger
(43:57 / All) BlademasterIsOp: raped
(43:57 / All) ogs.Bottomshelf: lol
(44:03 / All) ogs.Bottomshelf: you chased a raider
(44:05 / All) ogs.Bottomshelf: :L
(44:05 / All) BlademasterIsOp: yes
(44:09 / All) BlademasterIsOp: it's over anyway
(44:11 / All) BlademasterIsOp: doesn't matter
(44:13 / All) BlademasterIsOp: I rocked you
(44:14 / All) ogs.Bottomshelf: fastiest unit in game ass
(44:16 / All) BlademasterIsOp: steamrolled